 Dungeon Crawl Stone Soup version 0.23.2-1-ga50397a (webtiles) character file.

Game seed: 1645771603636835963

204 MalarOregon the Shield-Bearer (level 5, 0/28 HPs)
             Began as a Vine Stalker Fighter on May 15, 2019.
             Slain by an orc wizard
             ... wielding a +0 dagger
              (1 damage)
             ... on level 4 of the Dungeon.
             The game lasted 00:07:02 (2782 turns).

MalarOregon the Shield-Bearer (VSFi)                Turns: 2782, Time: 00:07:02

Health: 0/28       AC:  7    Str: 24    XL:     5   Next: 82%
Magic:  0/8        EV:  8    Int:  9    God:
Gold:   53         SH: 10    Dex: 13    Spells: 6/6 levels left

rFire    . . .     SeeInvis .   a - +0 long sword
rCold    . . .     Gourm    .   c - +0 shield
rNeg     . . .     Faith    .   b - +0 scale mail
rPois    .         Spirit   +   (no helmet)
rElec    .         Reflect  .   (no cloak)
rCorr    .         Harm     .   p - +0 pair of gloves
MR       .....                  (no boots)
Stlth    ..........             (no amulet)
HPRegen  0.49/turn              (no ring)
MPRegen  0.11/turn              (no ring)

@: mighty
A: fangs 2, regeneration 1, magic shield, antimagic bite, no potion heal 3, rot
immunity
a: no special abilities


You were on level 4 of the Dungeon.
You were not hungry.

You visited 1 branch of the dungeon, and saw 4 of its levels.

You collected 53 gold pieces.

Inventory:

Hand Weapons
 a - a +0 long sword (weapon)
 s - a +0 blowgun
   (You found it on level 2 of the Dungeon)
Missiles
 r - 5 curare-tipped needles {!f}
Armour
 b - a +0 scale mail (worn)
 c - a +0 shield (worn)
 p - a +0 pair of gloves (worn)
   (You found it on level 2 of the Dungeon)
Jewellery
 u - an uncursed ring of protection from cold {unknown}
   (You found it on level 3 of the Dungeon)
 w - an uncursed ring of stealth {unknown}
   (You found it on level 3 of the Dungeon)
Scrolls
 f - 2 scrolls of teleportation {@r4}
 g - 5 scrolls of identify {unknown}
 i - 5 scrolls of remove curse {unknown}
 l - 2 scrolls of random uselessness {unknown}
 m - 2 scrolls of immolation {unknown}
 v - a scroll of enchant armour {unknown}
Potions
 h - a potion of brilliance {unknown}
 j - a potion of flight {unknown}
 k - a potion of mutation {unknown}
 o - 2 potions of degeneration {unknown}
 q - a potion of haste {unknown}
 t - a potion of resistance {unknown}
Comestibles
 e - 6 rations {!d}
 n - 4 chunks of flesh


   Skills:
 + Level 3.3 Fighting
 * Level 3.0 Long Blades
 + Level 2.8 Armour
 + Level 1.2 Dodging
 * Level 3.7 Shields
 + Level 1.4 Spellcasting


You had 6 spell levels left.
You didn't know any spells.
Your spell library was empty.

Dungeon Overview and Level Annotations

Branches:
Dungeon (4/15)
 Temple: D:4-7

Altars:

Annotations:
D:2 1 runed translucent door, Crazy Yiuf
D:3 Grinder


Innate Abilities, Weirdness & Mutations

You have extremely sharp teeth.
Your natural rate of healing is unusually fast.
When hurt, damage is shared between your health and your magic reserves.
Your bite disrupts and absorbs the magic of your enemies.
Potions cannot restore your health.
You are immune to rotting.


Message History

You feel invigorated. You block the iguana's attack.
The iguana bites you but does no damage.
You closely miss the iguana. Your bite misses the iguana.
The iguana bites you but does no damage.
You hit the iguana. Your bite misses the iguana. The iguana barely misses you.
Your shield and scale mail prevent you from hitting the iguana.
The iguana bites you! You block the iguana's attack.
Your shield and scale mail prevent you from hitting the iguana.
Your bite misses the iguana. The iguana bites you.
You barely miss the iguana. You bite the iguana, but do no damage.
The orc wizard mumbles some strange words.
The orc wizard blinks!
The iguana bites you!
* * * LOW HITPOINT WARNING * * *
You completely miss the iguana. You bite the iguana. You drain its power.
You feel invigorated. The iguana bites you.
* * * LOW HITPOINT WARNING * * *
The iguana bites you!
* * * LOW HITPOINT WARNING * * *
Unknown command.
You aren't carrying any items that you can evoke.
Unknown command.
Okay, then.
You feel very mighty all of a sudden.
The orc wizard gestures wildly while chanting.
The orc wizard blinks!
The iguana barely misses you.
You riposte.
You slash the iguana!
You kill the iguana!
Your Long Blades skill increases to level 3!
Your shield prevents you from hitting the orc.
You bite the orc. You drain its power.
You feel invigorated. You block the orc's attack.
You barely miss the orc. Your bite misses the orc. The orc hits you.
* * * LOW HITPOINT WARNING * * *
The orc barely misses you.
You barely miss the orc. You bite the orc.
You kill the orc!
Your shield and scale mail prevent you from hitting the orc.
Your bite misses the orc. The orc hits you with a +0 war axe.
* * * LOW HITPOINT WARNING * * *
Your shield prevents you from hitting the orc.
Your bite misses the orc. The orc hits you but does no damage.
You block the orc's attack.
You closely miss the orc. You bite the orc!
You kill the orc!
You closely miss the orc wizard.
The orc wizard points at you and mumbles some strange words.
The magic dart hits you.
* * * LOW HITPOINT WARNING * * *
The orc wizard hits you with a +0 dagger.
You die...

#.#.# ## #.##.#.# #..)........
..##.##.#.# #...........
#.##.##.#.# #...........
#.##.##.#.# #......(....
#.##.##.#.# #...........
#.##.##.#.# #...........
#.##)##.#.##########....)......
................@o.>.(.........
.<##.#########.####............
.....# #.# #.########### ###..#
#.# #.# ##.# #.# #.# #.# #.#
#.# #.( #.# #.# #..# #.# #.#
#.# #.#


You could see an orc wizard.

Vanquished Creatures
  Jessica (D:2)
  An iguana (D:4)
  A worker ant (D:4)
  4 gnolls
  3 adders
  A worm (D:3)
  A leopard gecko (D:2)
  4 orcs
  6 bats
  A giant cockroach (D:2)
  3 goblins
  3 hobgoblins
  8 jackals
  3 quokkas
  A ball python (D:2)
  3 frilled lizards
  7 kobolds
  9 rats
60 creatures vanquished.

Notes
Turn   | Place    | Note
-------+----------+-------------------------------------------
     0 | D:1      | MalarOregon the Vine Stalker Fighter began the quest for
                  | the Orb.
     0 | D:1      | Reached XP level 1. HP: 11/11 MP: 2/2
    65 | D:1      | Reached XP level 2. HP: 11/16 MP: 3/3
  1104 | D:2      | Reached XP level 3. HP: 17/19 MP: 4/4
  1134 | D:2      | Noticed Jessica
  1143 | D:2      | Killed Jessica
  1193 | D:2      | Gained mutation: Your natural rate of healing is unusually
                  | fast. [Vine Stalker growth]
  1193 | D:2      | Reached XP level 4. HP: 18/24 MP: 4/6
  1248 | D:2      | Found a runed translucent door.
  1249 | D:2      | Noticed Crazy Yiuf
  1324 | D:3      | Noticed Grinder
  1621 | D:2      | Reached skill level 1 in Spellcasting
  1669 | D:1      | Reached skill level 1 in Dodging
  2257 | D:2      | Reached XP level 5. HP: 21/28 MP: 7/7
  2532 | D:3      | Paralysed by Grinder for 7 turns
  2779 | D:4      | HP: 1/28 [orc/+0 war axe (3)]
  2782 | D:4      | Slain by an orc wizard

Skill      XL: |  1  2  3  4  5 |
---------------+----------------+-----
Long Blades    | 2 3 |  3.0
Shields        | 3 |  3.7
Fighting       | 3 |  3.3
Spellcasting   | 1 |  1.4
Dodging        | 1 |  1.2
Armour         | |  2.8

Action                   |  1- 3 |  4- 6 || total
-------------------------+-------+-------++-------
Melee: Long sword        |    81 |   130 ||   211
       Bite              |    21 |    36 ||    57
  Use: Scroll            |     1 |       ||     1
       Potion            |       |     1 ||     1
  Eat: Chunk             |     1 |     5 ||     6
Armor: Scale mail        |    41 |    64 ||   105
Dodge: Dodged            |    38 |    59 ||    97
Block: Shield            |    45 |   116 ||   161
       Rpst.: Long sword |    15 |    15 ||    30
